cohdb
Replays
Latest Replays
All Replays
Popular Replays
Top Player Replays
Match Explorer
How It Works
Community
CoH3 Stats
Reddit
Sign in to upload your games and track your stats! →
Sign in with Steam
Match 33868996
Unlisted
Match 33868996
Overview
Messages
Build Orders
End
Construct Section Command Post
Selects Australian Defense Battlegroup
Selects Australian Light Infantry Section
Australian Light Infantry Section
Infantry Section
Infantry Section
Vickers Machine Gun Team
Construct Platoon Command Post
Forward Retreat Point
Unlock M3 Stuart Light Tanks
Selects 2-pounder Anti-tank Gun Team
M3 Stuart Light Tank
Construct Field Infirmary
Construct Company Command Post
Selects Vehicle Over Repair
Infantry Training
Foot Guards Section
Crusader II Medium Tank
Selects CMP 15cwt Supply Run
Armored Vehicle Training
Royal Engineer Section
Selects Reinforced Resource Caches
Crusader II Medium Tank
Foot Guards Section
Matilda II Heavy Tank
Foot Guards Section
Matilda II Heavy Tank
Goodvyn
p.r.a.s.a. [SK]
0
0
Comments
sign in to comment!
No comments posted yet!